 Dungeon Crawl Stone Soup version 0.28-a0-991-g956f0ee3d5 (webtiles) character file.

Game seed: 3240672138213672065

59 demibob the Twirler (level 3, -1/27 HPs)
             Began as a Demonspawn Gladiator on Dec 5, 2021.
             Was a Plaything of Xom.
             Slain by an orc (6 damage)
             ... on level 2 of the Dungeon.
             The game lasted 00:01:57 (1282 turns).

demibob the Twirler (Demonspawn Gladiator)          Turns: 1282, Time: 00:01:58

Health: -1/27      AC:  4    Str: 14    XL:     3   Next: 78%
Magic:  3/3        EV: 12    Int:  9    God:    Xom [..*...]
Gold:   60         SH:  0    Dex: 16    Spells: 2/2 levels left

rFire   . . .      SeeInvis .   a - +1 quarterstaff
rCold   . . .      Faith    .   (shield currently unavailable)
rNeg    . . .      Spirit   .   b - +0 leather armour
rPois   .          Reflect  .   c - +0 helmet
rElec   .          Harm     .   (no cloak)
rCorr   .          Rampage  .   (no gloves)
Will    .....                   (no boots)
Stlth   +.........              (no amulet)
HPRegen 0.09/turn               (no ring)
MPRegen 0.08/turn               (no ring)

@: brilliant
A: ignite blood 1, demonic touch 1
a: Renounce Religion


You were on level 2 of the Dungeon.
You worshipped Xom.
You were a toy of Xom.
You visited 1 branch of the dungeon, and saw 2 of its levels.

You collected 60 gold pieces.


Innate Abilities, Weirdness & Mutations

Your demonic aura sometimes causes spilled blood to erupt in flames.
Your touch may inflict minor irresistible damage on your foes.


   Skills:
 - Level 2.0 Fighting
 + Level 4.0 Staves
 + Level 2.3 Throwing
 - Level 2.6 Dodging


You had 2 spell levels left.
You didn't know any spells.
Your spell library contained the following spells:

 Spells                   Type           Power      Damage    Failure   Level
 Conjure Flame            Conj/Fire      0%         6-21      83%         3
 Ignite Poison            Fire/Tmut/Pois 0%         N/A       83%         3
 Sticky Flame             Conj/Fire      0%         2d3       99%         4

Inventory:

Hand Weapons
 a - a +1 quarterstaff (weapon)
Missiles
 d - 3 throwing nets (quivered) {=f}
 h - 15 poisoned darts
Armour
 b - a +0 leather armour (worn)
 c - a +0 helmet (worn)
Jewellery
 I - a +6 ring of intelligence
Scrolls
 g - a scroll of teleportation {unknown}
 k - a scroll of fear {unknown}
Potions
 e - a potion of attraction {unknown}
 f - a potion of curing {@q1}

Dungeon Overview and Level Annotations

Branches:
Dungeon (2/15)

Altars:
Xom

######..###..#...######...
#.## ##.#............ #.*
#.............. *#.
####..#####...# .. #o.##
###.. .# #..# #.
#######..### #
##.oo.).)...#
#..@.w.......#
#....o..........#
#...............#
#..............##
#.........$....#
................#
.###............##
##..........


You could see a worm and 3 orcs.


Message History

The orc barely misses you. The orc hits you but does no damage.
The orc hits you with a +0 mace.
You hit the orc.
The orc is heavily wounded.
The orc closely misses you.
The orc hits you with a +2 vampiric dagger.
The orc hits you with a +0 short sword.
* * * LOW HITPOINT WARNING * * *
The orc closely misses you.
You hit the orc but do no damage.
The orc is heavily wounded.
The orc hits you but does no damage.
The orc hits you with a +2 vampiric dagger.
* * * LOW HITPOINT WARNING * * *
The orc draws strength from your wounds!
Unknown command.
You hit the orc.
The orc is almost dead.
The orc hits you with a +0 short sword.
* * * LOW HITPOINT WARNING * * *
The orc hits you with a +0 mace.
* * * LOW HITPOINT WARNING * * *
The orc hits you with a +2 vampiric dagger.
* * * LOW HITPOINT WARNING * * *
The orc draws strength from your wounds!
As you read the scroll labelled JEGENAN KUXAW, it crumbles to dust.
It is a scroll of enchant weapon.
Your +0 quarterstaff glows red for a moment.
The orc hits you with a +0 short sword.
You die...

Skill      XL: |  1  2  3 |
---------------+----------+-----
Staves         | 3 4 |  4.0
Throwing       | 2 |  2.3
Fighting       | |  2.0
Dodging        | |  2.6

Action                   || total
-------------------------++-------
Melee: Quarterstaff      ||   114
  Use: Potion            ||     3
       Scroll            ||     1
Armor: Leather armour    ||    43
Dodge: Dodged            ||    79

Levels and vault maps discovered:
D:1:      minmay_arrival_shattered_statue, layout_basic,
          shapermc_ecumenical_altar_gd, amethyst_killhole,
          minmay_shallow_snake_nest
D:2:      layout_rooms, grunt_decor_junction, serial_bayou_pond_a, uniq_terence

Notes
Turn   | Place    | Note
-------+----------+-------------------------------------------
     0 | D:1      | demibob the Demonspawn Gladiator began the quest for the
                  | Orb.
     0 | D:1      | Reached XP level 1. HP: 16/16 MP: 1/1
    28 | D:1      | Reached skill level 3 in Staves
   197 | D:1      | Gained mutation: Your demonic aura sometimes causes spilled
                  | blood to erupt in flames. [demonic ancestry]
   197 | D:1      | Reached XP level 2. HP: 20/22 MP: 2/2
   596 | D:1      | Gained mutation: Your touch may inflict minor irresistible
                  | damage on your foes. [demonic ancestry]
   596 | D:1      | Reached XP level 3. HP: 27/27 MP: 3/3
   643 | D:1      | Found a faded altar of an unknown god.
   939 | D:1      | Prayed at the altar of an unknown god.
   939 | D:1      | Became a worshipper of Xom of Chaos
   940 | D:1      | >>lmao
   940 | D:1      | >>okay
   991 | D:2      | Reached skill level 2 in Throwing
  1036 | D:2      | XOM: silly message
  1075 | D:2      | Reached skill level 4 in Staves
  1171 | D:2      | XOM: divination: magic mapping
  1248 | D:2      | XOM: silly message
  1282 | D:2      | Slain by an orc

Vanquished Creatures
  An adder (D:2)
  2 dart slugs (D:1)
  2 orcs (D:2)
  6 ball pythons
  2 endoplasms
  4 giant cockroaches (D:1)
  5 goblins
  3 hobgoblins
  2 jackals (D:1)
  2 quokkas (D:1)
  5 bats
  4 frilled lizards
  A kobold (D:1)
  4 rats
43 creatures vanquished.

Vanquished Creatures (others)
  4 plants (D:2)
4 creatures vanquished.

Grand Total: 47 creatures vanquished

Table legend: (Time is in decaauts)
 A = Elapsed time spent in this place.
 B = Non-inter-level travel time spent in this place.
 C = Inter-level travel time spent in this place.
 D = Time resting spent in this place.
 E = Time spent auto-exploring this place.
 F = Levels seen in this place.
 G = Mean time per level.
                   A        B        C        D        E       F      G
               +--------+--------+--------+--------+--------+-----+--------+
         Total |   1295 |   1192 |    103 |      0 |    932 |   2 |  647.5 |
       Dungeon |   1295 |   1192 |    103 |      0 |    932 |   2 |  647.5 |
               +--------+--------+--------+--------+--------+-----+--------+

Top non-repeatable levels by time:
     D:1: 975 daAuts
     D:2: 319 daAuts

Table legend:
 A = Non-vault XP
 B = Vault XP
 C = Vault XP percentage of total XP
 D = Non-vault monster count
 E = Vault monster count
 F = Vault count percentage of total count
                 A         B        C        D         E       F
            +---------+---------+-------+---------+---------+-------
      Total |      82 |       3 |   3.5 |      41 |       2 |   4.7
            +---------+---------+-------+---------+---------+-------
        D:1 |      44 |       3 |   6.4 |      25 |       2 |   7.4
        D:2 |      38 |       0 |   0.0 |      16 |       0 |   0.0
            +---------+---------+-------+---------+---------+-------
